 Dungeon Crawl Stone Soup version 0.28-a0-305-g9e858e973b (webtiles) character file.

Game seed: 4670426725913074934

50 TrayleKats the Chopper (level 3, 0/34 HPs)
             Began as a Hill Orc Monk on Aug 30, 2021.
             Slain by an adder (2 damage)
             ... on level 3 of the Dungeon.
             The game lasted 00:03:24 (2260 turns).

TrayleKats the Chopper (Hill Orc Monk)              Turns: 2260, Time: 00:03:24

Health: 0/34       AC: 10    Str: 14    XL:     3   Next: 79%
Magic:  3/3        EV:  4    Int: 10    God:
Gold:   82         SH:  0    Dex: 13    Spells: 2/2 levels left

rFire   . . .      SeeInvis .   a - +0 hand axe
rCold   . . .      Faith    +   (no shield)
rNeg    . . .      Spirit   .   e - +0 plate armour
rPois   .          Reflect  .   (no helmet)
rElec   .          Harm     .   (no cloak)
rCorr   .          Rampage  .   (no gloves)
Will    .....                   (no boots)
Stlth   ..........              d - amulet of faith
HPRegen 0.11/turn               (no ring)
MPRegen 0.08/turn               (no ring)

@: attractive, hasted, very quick
A: no striking features
a: no special abilities


You were on level 3 of the Dungeon.
You visited 1 branch of the dungeon, and saw 3 of its levels.

You collected 157 gold pieces.
You spent 75 gold pieces at shops.

Inventory:

Hand Weapons
 a - a +0 hand axe (weapon)
Armour
 e - a +0 plate armour (worn)
Jewellery
 d - an amulet of faith (around neck)
Scrolls
 g - a scroll of fear {unknown}
 i - a scroll of blinking
 j - a scroll of enchant armour {unknown}
 k - a scroll of identify {unknown}
Potions
 f - a potion of magic {unknown}
 h - a potion of mutation {unknown}


   Skills:
 + Level 4.3 Fighting
 * Level 5.5 Axes
 - Level 2.4 Dodging
 - Level 1.5 Stealth


You had 2 spell levels left.
You didn't know any spells.
Your spell library contained the following spells:

 Spells                   Type           Power      Damage    Failure   Level
 Static Discharge         Conj/Air       0%         N/A       100%        2
 Lightning Bolt           Conj/Air       0%         1d11      100%        5
 Maxwell's Capacitive Co  Air            0%         ∞         100%        8


Dungeon Overview and Level Annotations

Branches:
Dungeon (3/15)

Altars:

Shops:
D:2 ?


Message History

Your plate armour prevents you from hitting the worm.
The worm is severely wounded.
A gnoll comes into view. It is wielding a +0 flail.
You hit the worm.
The worm is almost dead.
The worm bites you!
* * * LOW HITPOINT WARNING * * *
You are too injured to fight recklessly!
You hit the worm.
The worm is almost dead.
The worm barely misses you.
You hit the worm but do no damage.
The worm is almost dead.
You hit the worm.
You kill the worm!
The gnoll throws a throwing net.
The throwing net hits you.
You become entangled in the net!
Things that are here:
a throwing net; a worm corpse You tear a large gash into the net.
You shred the net and break free!
The gnoll throws a throwing net.
The throwing net hits you.
You become entangled in the net!
You tear a large gash into the net.
You struggle against the net.
The gnoll hits you with a +0 flail.
* * * LOW HITPOINT WARNING * * *
You rip the net and break free!
The gnoll hits you but does no damage.
Found 18 gold pieces.
You see here a purple potion.
An adder comes into view.
The adder hisses angrily.
The adder bites you.
* * * LOW HITPOINT WARNING * * *
It was a potion of attraction.
You feel attractive to monsters. The adder bites you but does no damage.
Okay, then.
You don't know any spells.
Sorry, you're not good enough to have a special ability.
It was a potion of haste.
You feel yourself speed up. The adder bites you.
You die...

######.......#
#.......#
#...†...#
#.......#
#...!...#
#####...####
........#
#####.#.#
#@#.# ##S#.###
#.g.$..#
#......#
#......#
#......#
#......#
#......#
####.#.#


You could see a gnoll and an adder.

Vanquished Creatures
  A worm (D:3)
  2 dart slugs (D:2)
  An orc (D:3)
  5 ball pythons
  4 endoplasms
  4 giant cockroaches
  4 goblins
  A hobgoblin (D:2)
  6 kobolds
  A quokka (D:1)
  2 bats
  6 frilled lizards
  2 rats
39 creatures vanquished.

Notes
Turn   | Place    | Note
-------+----------+-------------------------------------------
     0 | D:1      | TrayleKats the Hill Orc Monk began the quest for the Orb.
     0 | D:1      | Reached XP level 1. HP: 19/19 MP: 1/1
   385 | D:1      | Reached XP level 2. HP: 27/27 MP: 2/2
  1301 | D:1      | Reached skill level 5 in Axes
  1457 | D:2      | Reached XP level 3. HP: 32/33 MP: 3/3
  1570 | D:2      | Found a faded altar of an unknown god.
  1698 | D:2      | Found Qur Taq's Magic Scroll Shop.
  1720 | D:2      | Bought a scroll of blinking for 75 gold pieces
  2260 | D:3      | Slain by an adder

Illustrated notes

Levels and vault maps discovered:
D:1:      saegor_arrival_simple_a, layout_basic, item_on_display_b
D:2:      layout_basic, serial_shops, shop_coins,
          shapermc_ecumenical_altar_starsandcircs
D:3:      layout_basic

Skill      XL: |  1  2 |
---------------+-------+-----
Fighting       | 4 |  4.3
Axes           | 5 |  5.5
Dodging        | |  2.4
Stealth        | |  1.5

Action                   || total
-------------------------++-------
Melee: Hand axe          ||   105
  Use: Potion            ||     2
Armor: Robe              ||    12
       Scale mail        ||     2
       Plate armour      ||    45
Dodge: Dodged            ||    38

Table legend: (Time is in decaauts)
 A = Elapsed time spent in this place.
 B = Non-inter-level travel time spent in this place.
 C = Inter-level travel time spent in this place.
 D = Time resting spent in this place.
 E = Time spent auto-exploring this place.
 F = Levels seen in this place.
 G = Mean time per level.
                   A        B        C        D        E       F      G
               +--------+--------+--------+--------+--------+-----+--------+
         Total |   2265 |   2191 |     74 |    175 |   1675 |   3 |  755.0 |
       Dungeon |   2265 |   2191 |     74 |    175 |   1675 |   3 |  755.0 |
               +--------+--------+--------+--------+--------+-----+--------+

Top non-repeatable levels by time:
     D:1: 1455 daAuts
     D:2: 649 daAuts
     D:3: 159 daAuts
